 Dungeon Crawl Stone Soup version 0.26.1-11-gd32895ea62 (webtiles) character file.

Game seed: 8812885763919288367

106 kodamatunes15 the Skirmisher (level 4, -3/31 HPs)
             Began as an Octopode Fighter on June 9, 2021.
             Hit by a boomerang thrown by an orc (8 damage)
             ... on level 2 of the Dungeon on June 10, 2021.
             The game lasted 00:07:01 (1754 turns).

kodamatunes15 the Skirmisher (Octopode Fighter)     Turns: 1754, Time: 00:07:02

Health: -3/31      AC:  1    Str: 15    XL:     4   Next: 84%
Magic:  4/4        EV: 12    Int: 11    God:
Gold:   39         SH:  9    Dex: 11    Spells: 3/3 levels left

rFire    . . .     SeeInvis .   h - +2 dagger (venom)
rCold    . . .     Faith    .   b - +1 kite shield
rNeg     . . .     Spirit   .   (helmet restricted)
rPois    .         Reflect  .   (no amulet)
rElec    .         Harm     .   (no ring)
rCorr    .         Rampage  .   (no ring)
Will     .....                  (no ring)
Stlth    +++.......             (no ring)
HPRegen  0.10/turn              (no ring)
MPRegen  0.09/turn              (no ring)
                                (no ring)
                                (no ring)

@: no status effects
A: almost no armour, stealthy swim, amphibious, 8 rings, constrict 8, camouflage
1, gelatinous body 1
a: no special abilities


You were on level 2 of the Dungeon.
You visited 1 branch of the dungeon, and saw 2 of its levels.

You collected 39 gold pieces.

Inventory:

Hand Weapons
 a - a +0 long sword
 h - a +2 dagger of venom (weapon)
Armour
 b - a +1 kite shield (worn)
Scrolls
 j - a scroll of teleportation
 l - 2 scrolls of enchant armour
Potions
 c - a potion of might
 d - a potion of haste {unknown}
 e - 3 potions of curing {unknown}
 f - a potion of heal wounds {unknown}
 g - a potion of flight {unknown}
 i - a potion of resistance {unknown}
 k - a potion of invisibility {unknown}


   Skills:
 + Level 3.5 Fighting
 + Level 1.2(2.2) Short Blades
 + Level 2.9(3.1) Long Blades
 + Level 3.5 Dodging
 + Level 1.8 Stealth
 + Level 3.4 Shields


You had 3 spell levels left.
You didn't know any spells.
Your spell library was empty.

Dungeon Overview and Level Annotations

Branches:
Dungeon (2/15)

Altars:
Dithmenos


Innate Abilities, Weirdness & Mutations

You cannot wear most types of armour.
You are very stealthy in the water. (Stealth+)
You are amphibious.
You can wear up to eight rings at the same time.
You can use your tentacles to constrict eight enemies at once.
Your skin changes colour to match your surroundings (Stealth+).
Your rubbery body absorbs attacks. (AC +1, EV +1)


Message History

You are too injured to fight recklessly!
You are too injured to fight recklessly!
The orc shouts!
The orc throws a boomerang.
The boomerang closely misses you.
The weapon returns to the orc!
The orc throws a boomerang.
The boomerang misses you. The bat barely misses you.
The orc throws a boomerang.
The boomerang hits you.
* * * LOW HITPOINT WARNING * * *
The weapon returns to the orc!
You hit the bat.
The bat is poisoned.
Your grab misses the bat. Your squeeze misses the bat.
The bat is heavily wounded.
You kill the bat!
The orc throws a boomerang.
You block the boomerang.
The weapon returns to the orc!
The orc throws a boomerang.
The boomerang barely misses you.
The weapon returns to the orc!
You see here a bat corpse.
The orc throws a boomerang.
The boomerang hits you!
You die...

.............# .#
.............# #K#
............# #.# .
#.......... #.# .. #
#....o...# #.####.. ..
#........# #(#.....
...#........######.#.....
........@................
# ..#.....†..######.......
#. ###...........#.......
#.. #.#####...#.........
#...###.#....)†...........
'.........#..)....#.......
#.........#)#)..#.#..##...
..........#.......#..# ...
####...#..#.......#..# ##


You could see an orc.

Vanquished Creatures
  An orc priest (D:2)
  A gnoll (D:1)
  2 worms (D:2)
  A dart slug (D:2)
  A leopard gecko (D:1)
  5 orcs (D:2)
  3 bats
  2 giant cockroaches
  6 goblins (D:1)
  6 hobgoblins
  6 jackals (D:2)
  6 kobolds
  3 frilled lizards (D:1)
  5 rats
48 creatures vanquished.

Notes
Turn   | Place    | Note
-------+----------+-------------------------------------------
     0 | D:1      | kodamatunes15 the Octopode Fighter began the quest for the
                  | Orb.
     0 | D:1      | Reached XP level 1. HP: 16/16 MP: 1/1
   267 | D:1      | Reached XP level 2. HP: 16/21 MP: 2/2
   613 | D:1      | Reached XP level 3. HP: 17/26 MP: 3/3
  1259 | D:2      | Found a shadowy altar of Dithmenos.
  1274 | D:2      | Reached skill level 1 in Stealth
  1345 | D:2      | Reached XP level 4. HP: 15/31 MP: 4/4
  1696 | D:2      | Reached skill level 1 in Short Blades
  1754 | D:2      | Hit by a boomerang thrown by an orc

Illustrated notes

Levels and vault maps discovered:
D:1:      dpeg_arrival_morbid_curiosity, layout_basic, hex_medium
D:2:      cheibrodos_pilgrimage, layout_basic, nicolae_overflow_crystal_walls,
          uniq_robin, uniq_natasha

Skill      XL: |  1  2  3  4 |
---------------+-------------+-----
Stealth        | 1 |  1.8
Short Blades   | 1 |  1.2
Fighting       | |  3.5
Long Blades    | |  2.9
Dodging        | |  3.5
Shields        | |  3.4

Action                   |  1- 3 |  4- 6 || total
-------------------------+-------+-------++-------
Melee: Long sword        |    34 |       ||    34
       Constrict         |    28 |     7 ||    35
       Tentacles         |    14 |     2 ||    16
       Dagger            |    38 |    17 ||    55
  Use: Scroll            |       |     4 ||     4
 Stab: Distracted        |     2 |       ||     2
       Sleeping          |     4 |     2 ||     6
Armor: Skin              |     5 |       ||     5
Dodge: Dodged            |    33 |    11 ||    44
Block: Kite shield       |    27 |     7 ||    34
       Rpst.: Long sword |     5 |       ||     5
